 Dungeon Crawl Stone Soup version 0.29.1 (webtiles) character file.

Game seed: 2004609881105412087

1500 EvilAshe the Carver (level 9, -3/61 (65) HPs)
             Began as a Human Fighter on Sept 12, 2022.
             Was a Follower of the Shining One.
             Slain by a wight
             ... wielding a +4 long sword
              (8 damage)
             ... on level 7 of the Dungeon.
             The game lasted 00:15:29 (7017 turns).

EvilAshe the Carver (Human Fighter)                 Turns: 7017, Time: 00:15:29

HP:   -3/61 (65)    AC: 15    Str: 21    XL:     9   Next: 8%
MP:   9/9           EV:  5    Int:  8    God:    the Shining One [*.....]
Gold: 369           SH:  5    Dex: 13    Spells: 8/8 levels left

rFire   . . .      SeeInvis .   B - +5 scimitar (freeze)
rCold   . . .      Faith    .   c - +0 buckler
rNeg    . . .      Spirit   .   x - +0 plate armour
rPois   +          Reflect  .   (no helmet)
rElec   .          Harm     .   z - +0 cloak
rCorr   .          Rampage  .   (no gloves)
Will    .....                   w - +1 pair of boots
Stlth   ..........              (no amulet)
HPRegen 0.20/turn               p - ring of poison resistance
MPRegen 0.11/turn               (no ring)

@: about to teleport, glowing, drained
A: no striking features
a: Renounce Religion, Divine Shield


You were on level 7 of the Dungeon.
You worshipped the Shining One.
The Shining One was aware of your devotion.
You visited 1 branch of the dungeon, and saw 7 of its levels.

You collected 369 gold pieces.

Inventory:

Hand Weapons
 B - a +5 scimitar of freezing (weapon)
Missiles
 e - 42 stones (quivered)
 u - 8 poisoned darts
Armour
 c - a +0 buckler (worn)
 w - a +1 pair of boots (worn)
 x - a +0 plate armour (worn)
 z - a +0 cloak (worn)
Jewellery
 f - a ring of fire
 p - a ring of poison resistance (left hand)
Wands
 b - a wand of digging (9)
 y - a wand of paralysis (7)
Scrolls
 g - 4 scrolls of fear
 j - a scroll of vulnerability
 m - 3 scrolls of enchant weapon
 r - a scroll of immolation {unknown}
 t - 4 scrolls of identify
Potions
 d - 2 potions of cancellation {unknown}
 h - 3 potions of brilliance {unknown}
 k - 3 potions of heal wounds
 l - 2 potions of curing {unknown}
 n - 2 potions of lignification {unknown}
 o - a potion of attraction {unknown}
 q - 3 potions of mutation {unknown}
 s - 3 potions of flight {unknown}
 v - 2 potions of might


   Skills:
 + Level 4.2 Fighting
 * Level 9.2 Long Blades
 + Level 4.2 Armour
 - Level 5.0 Shields


You had 8 spell levels left.
You didn't know any spells.
Your spell library contained the following spells:

 Spells                   Type           Power      Damage    Failure   Level
 Foxfire                  Conj/Fire      0%         2x1d4     100%        1
 Conjure Flame            Conj/Fire      0%         6-21      100%        3
 Inner Flame              Hex/Fire       0%         N/A       100%        3
 Flame Wave               Conj/Fire      0%         2d4       100%        4


Dungeon Overview and Level Annotations

Branches:
Dungeon (7/15)
 Temple: D:4-7

Altars:
Elyvilon
Fedhas
Kikubaaqudgha
Okawaru
Xom
Zin
The Shining One

Annotations:
D:4 Edmund, Grinder
D:6 1 runed translucent door, sentinel's ghost, amateur MeEE


Message History

The wight hits you from afar with a +2 vorpal trident.
You feel drained.
Your life force feels restored.
You hit the wight.
The wight is moderately damaged.
The wight hits you from afar with a +2 vorpal trident!
The wight hits you but does no damage.
The wight hits you with a +4 long sword.
You feel drained.
You hit the wight.
The wight is moderately damaged.
You block the wight's attack.
The wight hits you from afar with a +2 vorpal trident.
You block the wight's attack.
You are too injured to fight recklessly!
You slash the wight!
The wight is severely damaged.
The wight hits you from afar with a +2 vorpal trident!
* * * LOW HITPOINT WARNING * * *
x2 The wight hits you from afar with a +0 spear.
* * * LOW HITPOINT WARNING * * *
You feel drained.
* * * LOW HITPOINT WARNING * * *
The wight barely misses you.
You hit the wight.
The wight is almost destroyed.
The wight hits you from afar with a +0 spear.
* * * LOW HITPOINT WARNING * * *
You feel drained. The wight barely misses you.
The wight hits you but does no damage. The wight attacks as you move away!
The wight barely misses you. The wight attacks as you move away!
The wight hits you with a +4 long sword!
The Shining One protects you from harm!
You feel drained.
* * * LOW HITPOINT WARNING * * *
As you read the scroll of teleportation, it crumbles to dust.
You feel strangely unstable.
The wight hits you with a +4 long sword!
You die...

..# ⌠.# ... ... #.#
### #.# ###...###.#
## ..)..z)zz## #.#
###...###@###.## ###
#...#...#
###.......#
.######..[......#
...........#....#
....[#.#.)#..#.#
.... #)#..#..#.#...
........#..[.......)
......####.#.####..


You could see 3 wights.

Vanquished Creatures
  A centaur (D:3)
  A phantom (D:4)
  5 scorpions
  A bullfrog (D:4)
  2 necrophages
  5 wights (D:7)
  Crazy Yiuf (D:5)
  4 hounds
  A jelly (D:4)
  Terence (D:2)
  An orc wizard (D:5)
  5 iguanas
  15 adders
  A shadow imp (D:5)
  A white imp (D:6)
  3 worms
  3 dart slugs (D:1)
  14 orcs
  12 ball pythons
  2 endoplasms
  3 giant cockroaches
  9 goblins
  3 hobgoblins
  4 jackals
  6 kobolds
  3 quokkas
  5 bats
  4 frilled lizards
  5 rats
121 creatures vanquished.

Vanquished Creatures (others)
  19 plants (D:4)
19 creatures vanquished.

Grand Total: 140 creatures vanquished

Notes
Turn   | Place    | Note
-------+----------+-------------------------------------------
     0 | D:1      | EvilAshe the Human Fighter began the quest for the Orb.
     0 | D:1      | Reached XP level 1. HP: 18/18 MP: 1/1
    58 | D:1      | Found a faded altar of an unknown god.
   119 | D:1      | Reached XP level 2. HP: 24/24 MP: 2/2
   554 | D:1      | Reached XP level 3. HP: 27/29 MP: 3/3
   825 | D:2      | Reached skill level 3 in Long Blades
  1077 | D:2      | Noticed Terence
  1090 | D:2      | Killed Terence
  1091 | D:2      | Reached XP level 4. HP: 20/35 MP: 4/4
  1482 | D:2      | Identified the +1 spear of Valiance {flame, rF+ MP+9 Str+4
                  | Stlth+}
  1735 | D:3      | Reached skill level 4 in Long Blades
  1947 | D:2      | Reached XP level 5. HP: 41/41 MP: 5/5
  3273 | D:4      | Reached skill level 5 in Long Blades
  3273 | D:4      | Reached XP level 6. HP: 47/47 MP: 6/6
  4060 | D:5      | Entered Level 5 of the Dungeon
  4477 | D:3      | Reached XP level 7. HP: 50/52 MP: 7/7
  4512 | D:4      | Noticed Edmund
  4526 | D:4      | Reached skill level 6 in Long Blades
  4526 | D:4      | Reached skill level 5 in Shields
  4865 | D:5      | Found a glowing golden altar of the Shining One.
  4865 | D:5      | Found a white marble altar of Elyvilon.
  4865 | D:5      | Found a glowing silver altar of Zin.
  4871 | D:5      | Became a worshipper of the Shining One
  4938 | D:5      | Reached skill level 7 in Long Blades
  4968 | D:4      | Reached XP level 8. HP: 31/58 MP: 8/8
  5154 | D:4      | Noticed Grinder
  5496 | D:5      | Reached skill level 8 in Long Blades
  5509 | D:5      | Found a runed translucent door.
  5510 | D:5      | Noticed Crazy Yiuf
  5623 | D:5      | Found an ancient bone altar of Kikubaaqudgha.
  5628 | D:5      | Found a blossoming altar of Fedhas.
  5819 | D:5      | Killed Crazy Yiuf
  6309 | D:6      | Found an iron altar of Okawaru.
  6392 | D:6      | Found a runed translucent door.
  6392 | D:6      | Found a shimmering altar of Xom.
  6392 | D:6      | Noticed sentinel's ghost (amateur MeEE)
  6392 | D:6      | Noticed a +0 dagger of chaos
  6869 | D:7      | Reached * piety under the Shining One
  6891 | D:7      | Reached skill level 9 in Long Blades
  6891 | D:7      | Reached XP level 9. HP: 45/65 MP: 9/9
  7016 | D:7      | The Shining One protects you from harm!
  7017 | D:7      | Slain by a wight

Illustrated notes

Levels and vault maps discovered:
D:1:      lemuel_arrival_cross, layout_basic, ebering_ecumenical_altar_box
D:2:      kennysheep_the_goblin_king, layout_loops_corners,
          minmay_snake_closets, uniq_terence
D:3:      layout_basic
D:4:      layout_basic, lexackson_kobold_supper, uniq_blork_the_orc,
          uniq_edmund, uniq_grinder
D:5:      layout_loops_cross, dreamdust_divine_triumvirate,
          grunt_temple_overflow_growth_and_decay, nicolae_ossuary_entry_ruins,
          uniq_crazy_yiuf_cottage
D:6:      nicolae_cairo_tiling, layout_gridville, mainiacjoe_overflow_boulevard,
          ebering_ghost_xom, chequers_garden
D:7:      layout_loops_cross, nemelex_xobeh_ov_fountains_minmay,
          kennysheep_mini, serial_shops, shop, uniq_maggie

Skill      XL: |  1  2  3  4  5  6  7  8 |
---------------+-------------------------+-----
Long Blades    | 3 4 5 7 9 |  9.2
Shields        | 4 5 |  5.0
Fighting       | 4 |  4.2
Armour         | 4 |  4.2

Action                   |  1- 3 |  4- 6 |  7- 9 || total
-------------------------+-------+-------+-------++-------
Melee: Long sword        |    83 |   256 |   231 ||   570
       Scimitar          |       |       |    16 ||    16
Throw: Stone             |     8 |     2 |     7 ||    17
       Dart              |       |       |     6 ||     6
       Boomerang         |       |       |     2 ||     2
  Use: Potion            |     1 |       |       ||     1
       Scroll            |       |     7 |     2 ||     9
Armor: Scale mail        |    19 |       |       ||    19
       Chain mail        |    28 |   119 |       ||   147
       Plate armour      |       |    50 |   140 ||   190
Dodge: Dodged            |    24 |    61 |    56 ||   141
Block: Buckler           |    11 |    71 |    52 ||   134
